General information
- name: skycity
- type: Custom game
- host: Iceberg-Slim
- saver: rsjr
map: EchoIsles
- players: 3
- length: 26:32
- speed: Fast
- version: 1.21 W3XP
- replay type: Public
» download(112 KB)
Players
team 1 (loser)
greedoFthenoob (
pink | 79 APM | 2094 actions | 26:31)
7 Archmage
3 Summon Water Elemental
3 Brilliance Aura
1 Blizzard
2 Mountain King
1 Storm Bolt
1 Bash
1 Pit Lord
1 Rain of Fire
» actions
| Assign group hotkey | 50 | |
| Basic commands | 80 | |
| Build / train | 98 | |
| ESC pressed | 1 | |
| Enter build submenu | 30 | |
| Enter hero's abilities submenu | 10 | |
| Give item / drop item | 5 | |
| Right click | 907 | |
| Select / deselect | 639 | |
| Select group hotkey | 182 | |
| Use ability | 92 | |
2094 total
» units
| Peasant | 22 | |
| Footman | 14 | |
| Forest Troll Shadow Priest | 3 | |
| Forest Troll Berserker | 2 | |
| Ogre Mauler | 1 | |
| Sorceress | 1 | |
| Spell Breaker | 5 | |
| Knight | 2 | |
| Rifleman | 4 | |
54 total
» upgrades
| Masonry | 2 | |
| Lumber Harvesting | 1 | |
| Animal War Training | 1 | |
| Swords | 1 | |
| Long Rifles | 1 | |
6 total
» buildings
| Altar of Kings | 1 | |
| Barracks | 3 | |
| Farm | 11 | |
| Scout Tower | 9 | |
| Arcane Tower | 2 | |
| Lumber Mill | 1 | |
| Town Hall | 1 | |
| Arcane Vault | 1 | |
| Guard Tower | 4 | |
| Keep | 1 | |
| Arcane Sanctum | 2 | |
| Castle | 1 | |
| Blacksmith | 1 | |
38 total
» build order
00:08 Altar of Kings
00:20 Barracks
00:35 Farm
00:38 Farm
00:43 Farm
01:43 Scout Tower
02:22 Farm
02:25 Farm
02:27 Arcane Tower
03:34 Farm
04:07 Lumber Mill
07:00 Town Hall
07:11 Arcane Vault
07:18 Scout Tower
07:20 Scout Tower
08:46 Farm
09:06 Guard Tower
09:08 Scout Tower
09:23 Farm
09:25 Keep
09:35 Guard Tower
11:58 Arcane Sanctum
12:04 Scout Tower
12:05 Scout Tower
12:06 Scout Tower
12:12 Castle
12:16 Arcane Sanctum
12:30 Scout Tower
12:32 Scout Tower
13:29 Blacksmith
13:38 Arcane Tower
13:54 Farm
13:57 Guard Tower
14:00 Guard Tower
14:14 Farm
14:16 Farm
16:37 Barracks
16:51 Barracks
» items
| Boots of Speed | 2 | |
| Orb of Fire | 2 | |
| Staff of Sanctuary | 2 | |
| Scroll of Town Portal | 1 | |
| Potion of Healing | 1 | |
| Scroll of Regeneration | 2 | |
| Sentry Wards | 1 | |
| Ring of Regeneration | 1 | |
| Potion of Lesser Invulnerability | 1 | |
| Tome of Retraining | 1 | |
14 total
team 2 (winner)

»
rsjr (
red | 148 APM | 3938 actions | 26:32)
6 Death Knight
3 Death Coil
2 Unholy Aura
1 Animate Dead
5 Lich
3 Frost Nova
2 Dark Ritual
» actions
| Assign group hotkey | 189 | |
| Basic commands | 179 | |
| Build / train | 83 | |
| ESC pressed | 1 | |
| Enter build submenu | 33 | |
| Enter hero's abilities submenu | 12 | |
| Give item / drop item | 4 | |
| Remove unit from queue | 1 | |
| Right click | 1870 | |
| Select / deselect | 709 | |
| Select group hotkey | 716 | |
| Use ability | 141 | |
3938 total
» units
| Acolyte | 12 | |
| Ghoul | 18 | |
| Obsidian Statue | 6 | |
| Abomination | 5 | |
41 total
» upgrades
| Destroyer Form | 1 | |
| Ghoul Frenzy | 1 | |
| Disease Cloud | 1 | |
3 total
» buildings
| Crypt | 1 | |
| Ziggurat | 12 | |
| Altar of Darkness | 1 | |
| Tomb of Relics | 1 | |
| Halls of the Dead | 1 | |
| Graveyard | 1 | |
| Slaughterhouse | 2 | |
| Black Citadel | 1 | |
| Spirit Tower | 3 | |
| Necropolis | 6 | |
29 total
» build order
00:08 Crypt
00:12 Ziggurat
00:36 Altar of Darkness
00:50 Ziggurat
02:12 Tomb of Relics
03:04 Halls of the Dead
03:27 Graveyard
04:07 Ziggurat
05:50 Slaughterhouse
06:06 Ziggurat
07:05 Black Citadel
12:09 Slaughterhouse
15:05 Ziggurat
15:06 Ziggurat
16:29 Spirit Tower
16:29 Spirit Tower
16:46 Ziggurat
17:52 Spirit Tower
22:46 Necropolis
22:47 Necropolis
22:49 Necropolis
23:00 Necropolis
23:25 Necropolis
24:19 Necropolis
25:35 Ziggurat
25:40 Ziggurat
25:42 Ziggurat
25:44 Ziggurat
26:32 Ziggurat
» items
| Rod of Necromancy | 2 | |
| Potion of Healing | 2 | |
| Scroll of Healing | 3 | |
| Boots of Speed | 1 | |
| Scroll of Town Portal | 1 | |
| Orb of Corruption | 1 | |
| Scroll of Protection | 1 | |
11 total
refereesIceberg-Slim Chat log
(00:14 / All) Iceberg-Slim: rsjr did you random
(00:16 / All) rsjr: yah
(00:22 / All) rsjr: i donm't need to pick shit
(00:23 / All) rsjr: vs this faggot
(00:29 / All) Iceberg-Slim: unlike this guy who only knows 50% of one race
(00:46 / All) greedoFthenoob: the blows flying
(00:50 / All) greedoFthenoob: in sky city
(01:14 / All) rsjr: the king
(01:14 / All) rsjr: of
(01:15 / All) rsjr: rock
(01:16 / All) rsjr: and rumble
(01:25 / All) rsjr: instead of roll it's rumble
(01:27 / All) rsjr: ima own you
(01:30 / All) greedoFthenoob: nubdead
(01:40 / All) Iceberg-Slim: T'Korar
(01:55 / All) rsjr: notice
(01:56 / All) rsjr: no los lost
(01:57 / All) rsjr: at corner
(01:58 / All) rsjr: so gosu
(03:17 / All) Iceberg-Slim: pro
(03:22 / All) greedoFthenoob: lag etc
(11:45 / All) Iceberg-Slim: argh
(11:47 / All) rsjr: wtf
(11:49 / All) rsjr: i timed that pot
(11:51 / All) rsjr: korean lag
(11:58 / All) Iceberg-Slim: should have accounted for it
(12:08 / All) Iceberg-Slim: cant yoiu count time
(12:16 / All) Iceberg-Slim: mage fireball attack is 1 e and u 2 e and uh
(12:27 / All) rsjr: musical notes... i'm deaf
(16:01 / All) rsjr: wkggk
(20:51 / All) Iceberg-Slim: disease cloud gg
(22:23 / All) rsjr: no re
(22:32 / All) greedoFthenoob: blaming lag
(22:51 / All) Iceberg-Slim: rule #1 of hosting was
(22:57 / All) Iceberg-Slim: "i can host as long as you dont whine about lag"
(23:44 / All) rsjr: if you refuse to leave
(23:47 / All) rsjr: like a civilize gentleman
(23:52 / All) rsjr: i will treat you to a dishonoring
(23:56 / All) Iceberg-Slim: he hired a pit lord named "Destromath"
(24:09 / All) Iceberg-Slim: if he had done some destro math and gotten flying machines game might have been different hoho
(24:26 / All) rsjr: it is time the scourge expanded
(25:09 / All) Iceberg-Slim: whammo
(25:35 / All) Iceberg-Slim: 3 heros vs 3 towers
(25:56 / All) greedoFthenoob: i remember when you could storm bolt buildlings
(25:59 / All) greedoFthenoob: so what is good vs destroyers
(26:05 / All) Iceberg-Slim: not much
(26:18 / All) Iceberg-Slim: flying machines, rifles, etc
(26:30 / All) greedoFthenoob: gg